 Dungeon Crawl Stone Soup version 0.27.0-1-g7a089689b8 (webtiles) character file.

Game seed: 13954232047144947185

152 oldmanjim the Ducker (level 5, -1/30 HPs)
             Began as a Deep Elf Gladiator on Aug 3, 2021.
             Slain by a steam dragon (8 damage)
             ... on level 4 of the Dungeon.
             The game lasted 00:25:52 (3649 turns).

oldmanjim the Ducker (Deep Elf Gladiator)           Turns: 3649, Time: 00:25:52

Health: -1/30      AC:  4    Str: 11    XL:     5   Next: 11%
Magic:  7/10       EV: 13    Int: 14    God:
Gold:   115        SH:  0    Dex: 16    Spells: 6/8 levels left

rFire    + . .     SeeInvis .   a - +0 lajatang (speed)
rCold    + + .     Faith    .   (shield currently unavailable)
rNeg     . . .     Spirit   .   b - +0 leather armour
rPois    .         Reflect  .   c - +0 helmet
rElec    .         Harm     .   e - scarf {rC+ rF+}
rCorr    .         Rampage  .   (no gloves)
Will     .....                  (no boots)
Stlth    ++........             (no amulet)
HPRegen  0.10/turn              s - ring of wizardry
MPRegen  0.12/turn              u - ring of protection from cold

@: no status effects
A: no striking features
a: no special abilities


You were on level 4 of the Dungeon.
You visited 1 branch of the dungeon, and saw 4 of its levels.

You collected 115 gold pieces.

Inventory:

Hand Weapons
 a - a +0 lajatang of speed (weapon)
 z - a +0 quarterstaff
Missiles
 d - 3 throwing nets
 f - 76 stones (quivered)
 g - 39 sling bullets
 h - 36 poisoned darts
Armour
 b - a +0 leather armour (worn)
 c - a +0 helmet (worn)
 e - a scarf of resistance (worn)
 o - a +0 cloak
 r - a +0 helmet
Magical Staves
 y - a staff of air
Jewellery
 s - a ring of wizardry (left hand)
 u - a ring of protection from cold (right hand)
Scrolls
 i - 2 scrolls of vulnerability {unknown}
 k - a scroll of teleportation {unknown}
 l - a scroll of fear {unknown}
 m - a scroll of immolation {unknown}
 p - a scroll of noise {unknown}
 q - a scroll of silence {unknown}
 v - a scroll of holy word {unknown}
 w - 2 scrolls of enchant armour {unknown}
 x - a scroll of blinking {unknown}
Potions
 j - a potion of attraction {unknown}
 n - 2 potions of might {unknown}
 t - a potion of haste {unknown}


   Skills:
 - Level 2.0 Fighting
 - Level 4.0 Staves
 - Level 2.0 Throwing
 - Level 0.4 Armour
 - Level 4.0 Dodging
 * Level 2.4 Stealth
 + Level 2.2 Spellcasting
 + Level 1.9 Translocations
 + Level 0.1 Evocations


You had 6 spell levels left.
You knew the following spells:

 Your Spells              Type           Power      Damage    Failure   Level
a - Blink                 Tloc           N/A        N/A       9%          2

Your spell library contained the following spells:

 Spells                   Type           Power      Damage    Failure   Level
 Lesser Beckoning         Tloc           3%         N/A       16%         3
 Manifold Assault         Tloc           6%         N/A       80%         5


Dungeon Overview and Level Annotations

Branches:
Dungeon (4/15)
 Temple: D:4-7

Altars:
Makhleb
Qazlal
Uskayaw

Annotations:
D:2 1 runed translucent door, exclusion: door, Crazy Yiuf
D:3 3 runed translucent doors, exclusion: 3 doors, HeliumTrimp's ghost, amateur FoAK
D:4 Eustachio


Message History

The steam dragon closely misses you. The steam dragon claws you.
You hit the steam dragon.
The steam dragon is moderately wounded.
The steam dragon misses you. x2
You barely miss the steam dragon.
The steam dragon is moderately wounded.
The steam dragon breathes steam at you. The ball of steam misses you.
You barely miss the steam dragon.
The steam dragon is moderately wounded.
You barely miss the steam dragon.
The steam dragon is moderately wounded.
The steam dragon barely misses you. The steam dragon claws you.
You barely miss the steam dragon.
The steam dragon is moderately wounded.
The steam dragon closely misses you.
The steam dragon claws you but does no damage.
You closely miss the steam dragon.
The steam dragon is moderately wounded.
The steam dragon completely misses you.
The steam dragon claws you but does no damage.
You completely miss the steam dragon.
The steam dragon is moderately wounded.
The steam dragon breathes steam at you. The ball of steam hits you. You resist.
* * * LOW HITPOINT WARNING * * *
You hit the steam dragon.
The steam dragon is heavily wounded.
You closely miss the steam dragon.
The steam dragon is heavily wounded.
The steam dragon closely misses you.
The steam dragon claws you but does no damage.
You hit the steam dragon.
The steam dragon is severely wounded.
The steam dragon barely misses you. The steam dragon claws you.
* * * LOW HITPOINT WARNING * * *
You barely miss the steam dragon.
The steam dragon is severely wounded.
The steam dragon bites you!
You die...

..D..§D.#...##
#.#
...##+#.#....#
#.# ..
#.#.#.######.##
#
#.###........##
#.#....#########
#.#.#.## ###....
#.#<...# #.###
#.###### .#
#@D....# .#
######## .#


You could see a steam dragon (catching breath).

Vanquished Creatures
  A jelly (D:3)
  A hound skeleton (D:4)
  2 adders
  2 gnolls
  A worm (D:4)
  3 dart slugs
  An orc (D:3)
  3 ball pythons
  3 endoplasms
  5 giant cockroaches
  4 goblins
  6 hobgoblins
  5 jackals (D:1)
  5 kobolds
  4 quokkas
  5 bats
  4 frilled lizards
  3 rats
58 creatures vanquished.

Notes
Turn   | Place    | Note
-------+----------+-------------------------------------------
     0 | D:1      | oldmanjim the Deep Elf Gladiator began the quest for the
                  | Orb.
     0 | D:1      | Reached XP level 1. HP: 12/12 MP: 3/3
   289 | D:1      | Reached XP level 2. HP: 15/16 MP: 4/4
   430 | D:1      | Found a faded altar of an unknown god.
  1470 | D:2      | Reached XP level 3. HP: 21/21 MP: 5/5
  1478 | D:2      | Learned a level 2 spell: Blink
  1624 | D:2      | Found a stormy altar of Qazlal.
  2263 | D:2      | Found a runed translucent door.
  2264 | D:2      | Noticed Crazy Yiuf
  2374 | D:3      | Found a burning altar of Makhleb.
  2379 | D:3      | Reached skill level 1 in Stealth
  2436 | D:3      | Reached XP level 4. HP: 26/26 MP: 6/6
  2458 | D:3      | Found a hide-covered altar of Uskayaw.
  2596 | D:3      | Found a runed translucent gate.
  2600 | D:3      | Found a runed translucent gate.
  2601 | D:3      | Found a runed translucent gate.
  2635 | D:3      | Noticed HeliumTrimp's ghost (amateur FoAK)
  2655 | D:3      | Noticed a necrophage
  2839 | D:3      | Reached skill level 1 in Spellcasting
  2839 | D:3      | Reached skill level 1 in Translocations
  3108 | D:4      | Noticed Eustachio
  3166 | D:3      | Reached XP level 5. HP: 20/30 MP: 10/10
  3613 | D:4      | Noticed a steam dragon
  3649 | D:4      | Slain by a steam dragon

Illustrated notes

Levels and vault maps discovered:
D:1:      dpeg_arrival_lava_temple_mockup, layout_basic, basic_ecumenical_altar
D:2:      layout_basic, basic_altar, minmay_misc_feat_iff, nrook_uturn,
          uniq_crazy_yiuf_cottage
D:3:      layout_loops_ring, old_standard_altar,
          nicolae_uskayaw_murder_on_the_dancefloor, gammafunk_ghost_icy
D:4:      layout_basic, serial_co_window_serial, co_window_paths_b,
          co_window_corner_a, co_window_paths_b, co_window_of_opportunity_a,
          co_window_paths_a, co_window_of_opportunity_c,
          co_window_unsneaky_path_c, co_window_cross_3, co_window_2corner,
          co_window_of_opportunity_b, glass_columns_c, glass_columns_b,
          glass_columns_b, uniq_eustachio, uniq_natasha

Skill      XL: |  1  2  3  4 |
---------------+-------------+-----
Dodging        | 4 |  4.0
Fighting       | 2 |  2.0
Staves         | 4 |  4.0
Stealth        | 1 2 |  2.4
Spellcasting   | 2 |  2.2
Translocations | 1 |  1.9
Throwing       | |  2.0
Armour         | |  0.4
Evocations     | |  0.1

Action                   |  1- 3 |  4- 6 || total
-------------------------+-------+-------++-------
Melee: Quarterstaff      |   132 |    50 ||   182
       Lajatang          |       |    15 ||    15
       Staff             |       |    12 ||    12
Throw: Stone             |    58 |    11 ||    69
 Cast: Blink             |       |     2 ||     2
 Stab: Sleeping          |       |     4 ||     4
Armor: Leather armour    |    28 |    22 ||    50
Dodge: Dodged            |    97 |    47 ||   144
